 Dungeon Crawl Stone Soup version 0.18-a0-1418-ga86aa8f (webtiles) character file.

111 M4edhros the Insei (level 4, -8/28 HPs)
             Began as an Octopode Artificer on Feb 26, 2016.
             Was an Initiate of Fedhas.
             Killed by the capriciousness of Xom (16 damage)
             ... on level 3 of the Dungeon.
             The game lasted 00:03:56 (3972 turns).

M4edhros the Insei (Octopode Artificer)             Turns: 3972, Time: 00:03:57

Health: -8/28      AC:  1    Str: 10      XL:     4   Next: 92%
Magic:  6/6        EV: 11    Int: 21      God:    Fedhas [......]
Gold:   154        SH:  0    Dex:  6 (12) Spells: 0 memorised, 3 levels left

rFire  . . .     SeeInvis .       - Unarmed
rCold  . . .     Gourm    .     (no shield)
rNeg   . . .     Faith    .     (helmet restricted)
rPois  .         Spirit   .     (no amulet)
rElec  .         Dismiss  .     e - +6 ring of intelligence
rCorr  .         Reflect  .     (no ring)
SustAt .         Harm     .     (no ring)
MR     .....                    (no ring)
Stlth  ++........               (no ring)
                                (no ring)
                                (no ring)
                                (no ring)

@: not resistant to hostile enchantments, unstealthy
A: almost no armour, amphibious, 8 rings, constrict 8, camouflage 1, gelatinous
body 1
a: Renounce Religion


You were on level 3 of the Dungeon.
You worshipped Fedhas.
Fedhas was noncommittal.
You were not hungry.

You visited 2 branches of the dungeon, and saw 5 of its levels.

You collected 154 gold pieces.

Inventory:

Jewellery
 e - a +6 ring of intelligence (left tentacle)
Wands
 b - a wand of flame (14/48)
 c - a wand of enslavement (9/24)
 d - a wand of random effects (15/48)
Scrolls
 a - 7 scrolls of identify {unknown}
 g - a scroll of recharging {unknown}
 j - a scroll of noise {unknown}
 k - 2 scrolls of remove curse
 p - 2 scrolls of random uselessness
 t - a scroll of teleportation {unknown}
 x - a scroll of magic mapping {unknown}
Potions
 h - a potion of brilliance {unknown}
 i - a potion of mutation {unknown}
 l - a potion of invisibility {unknown}
 m - a potion of degeneration {unknown}
 q - a potion of heal wounds {unknown}
 r - a potion of resistance {unknown}
 u - a potion of flight {unknown}
 v - 2 potions of agility {unknown}
 w - 2 potions of ambrosia {unknown}
 z - a potion of haste {unknown}
Books
 o - a book of Ice

   Spells                             Type                      Level
   a - Ice Form                       Ice/Transmutation            4
   b - Metabolic Englaciation         Hexes/Ice                    5
   c - Ozocubu's Refrigeration        Ice                          6
   d - Bolt of Cold                   Conjuration/Ice              6
   e - Freezing Cloud                 Conjuration/Ice/Air          6
   f - Simulacrum                     Ice/Necromancy               6
Comestibles
 f - 3 bread rations
 n - a royal jelly
 s - a chunk of flesh


   Skills:
 - Level 1.0 Fighting
   Level 1.0 Short Blades
 - Level 2.0 Dodging
 - Level 1.3 Stealth
 + Level 4.3 Unarmed Combat
 - Level 3.2 Evocations


You had 3 spell levels left.
You didn't know any spells.

Dungeon Overview and Level Annotations

Branches:
Dungeon (4/15)             Temple (1/1) D:4

Altars:
Cheibriados
Dithmenos
Elyvilon
Fedhas
Gozag
Kikubaaqudgha
Nemelex Xobeh
Okawaru
Pakellas
Qazlal
Ru
Sif Muna
Trog
Vehumet
Xom
Yredelemnul
Zin
The Shining One


Innate Abilities, Weirdness & Mutations

You cannot wear most types of armour.
You are amphibious.
You can wear up to eight rings at the same time.
You can use your tentacles to constrict eight enemies at once.
Your skin changes colour to match your surroundings (Stealth).
Your rubbery body absorbs attacks (AC +1).


Message History

You constrict the adder. The adder bites you. The adder closely misses you.
You tentacle-slap the adder.
The adder is severely wounded.
You constrict the adder.
You feel sick. The adder bites you.
You tentacle-slap the adder.
The adder is almost dead.
You constrict the adder.
You kill the adder!
You start resting.
You feel sick. x6
You are no longer poisoned.
You see here an adder corpse.
You butcher the adder corpse.
s - a chunk of flesh You start resting.
Xom's attention turns to you for a moment.
You are blasted with sand!
Ouch! That really hurt!
You die...
Xom bursts into laughter!
Fedhas appreciates your contribution to the ecosystem.

##. ......... ....
..$...... ....#
#...#.... ...
#........
...#........
#.#..$.....
#.().......
#@....# #.#####
#.# ♣♣♣♣♣♣ #.#
♣♣♣....♣♣♣♣
#.#♣♣♣♣♣..♣♣♣....♣
#.......♣♣♣ ♣♣♣♣..
#......♣♣ ♣♣♣
#.#♣♣♣♣♣ #.#.#


There were no monsters in sight!

Vanquished Creatures
  3 adders
  5 oozes
  A worm (D:3)
  2 giant geckos
  3 orcs (D:3)
  A ball python (D:1)
  8 bats
  2 giant cockroaches
  5 goblins
  8 hobgoblins
  2 quokkas
  4 giant newts
  4 kobolds
  5 rats
53 creatures vanquished.

Vanquished Creatures (collateral kills)
  A giant cockroach (D:1)
1 creature vanquished.

Vanquished Creatures (others)
  6 toadstools (D:3)
6 creatures vanquished.

Grand Total: 60 creatures vanquished

Notes
Turn   | Place    | Note
--------------------------------------------------------------
     0 | D:1      | M4edhros the Octopode Artificer began the quest for the Orb.
     0 | D:1      | Reached XP level 1. HP: 13/13 MP: 3/3
   206 | D:1      | Reached skill level 1 in Unarmed Combat
   316 | D:1      | Reached XP level 2. HP: 18/18 MP: 4/4
   474 | D:1      | Reached skill level 2 in Unarmed Combat
   829 | D:1      | Reached XP level 3. HP: 7/23 MP: 5/5
  1430 | D:2      | Found a sacrificial altar of Ru.
  1642 | D:2      | Reached skill level 3 in Unarmed Combat
  2034 | D:2      | Reached XP level 4. HP: 23/28 MP: 6/6
  2313 | D:4      | Found a staircase to the Ecumenical Temple.
  2322 | Temple   | Entered the Ecumenical Temple
  2375 | Temple   | Became a worshipper of Xom of Chaos
  2404 | Temple   | Fell from the grace of Xom
  2404 | Temple   | Became a worshipper of Fedhas Madash
  2981 | D:3      | Reached skill level 4 in Unarmed Combat
  3224 | D:3      | XOM: summons 2 hostile shadow creatures
  3344 | D:3      | XOM: summons 4 hostile demons
  3972 | D:3      | XOM: medium Erth miscast
  3972 | D:3      | Killed by the capriciousness of Xom

Vault maps used:
D:1:      nicolae_arrival_washed_ashore
D:2:      hangedman_ru_absence
D:3:      forest_paths, first_bread, moated_statue
D:4:      lightli_temple_of_fire, minmay_temple_entry_grid,
          minmay_misc_feat_diagonals
Temple:   grunt_wide_crystal_templ_18

Skill      XL: |  1  2  3  4 |
---------------+-------------+-----
Unarmed Combat | 1 2 3 4 |  4.3
Fighting       | |  1.0
Short Blades   | |  1.0
Dodging        | |  2.0
Stealth        | |  1.3
Evocations     | |  3.2

Action                   |  1- 3 |  4- 6 || total
-------------------------+-------+-------++-------
Melee: Unarmed           |    78 |    60 ||   138
Evoke: Wand              |     2 |     5 ||     7
  Use: Scroll            |       |     3 ||     3
       Potion            |       |     2 ||     2
 Stab: Sleeping          |     8 |     5 ||    13
  Eat: Chunk             |     3 |     1 ||     4
       Meat ration       |       |     1 ||     1
